 Dungeon Crawl Stone Soup version 0.30-a0-743-gbfdf073431 (webtiles) character file.

Game seed: 11111285952271681605

78 CoinPitGoblin the Covered (level 4, -5/28 HPs)
             Began as a Gargoyle Fighter on Feb 5, 2023.
             Slain by Grinder (8 damage)
             ... on level 3 of the Dungeon.
             The game lasted 00:04:36 (1447 turns).

CoinPitGoblin the Covered (Gargoyle Fighter)        Turns: 1447, Time: 00:04:37

Health: -5/28      AC: 15    Str: 22    XL:     4   Next: 36%
Magic:  4/4        EV:  7    Int:  8    God:
Gold:   56         SH:  4    Dex:  9    Spells: 3/3 levels left

rFire   + . .      SeeInvis .    a - +0 flail
rCold   + . .      Faith    .    c - +0 buckler
rNeg    + . .      Spirit   .    i - +0 chain mail
rPois   ∞          Reflect  .    h - +1 helmet
rElec   +          Harm     .    (no cloak)
rCorr   +          Rampage  .    (no gloves)
Will    .....                    (no boots) Stlth
                                 (no amulet)
HPRegen 0.24/turn                (no ring)
MPRegen 0.09/turn                (no ring)

@: resistant
A: sickness immunity, AC +3, negative energy resistance 1, electricity
resistance, torment resistance 1, petrification resistance
a: no special abilities


You were on level 3 of the Dungeon.
You visited 1 branch of the dungeon, and saw 3 of its levels.

You collected 56 gold pieces.

Inventory:

Hand Weapons
 a - a +0 flail (weapon)
Armour
 c - a +0 buckler (worn)
 h - a +1 helmet (worn)
 i - a +0 chain mail (worn)
Scrolls
 e - a scroll of identify


   Skills:
 + Level 3.6 Fighting
 + Level 3.1 Maces & Flails
 + Level 3.9 Armour
 + Level 0.6 Dodging
 + Level 3.8 Shields


You had 3 spell levels left.
You didn't know any spells.
Your spell library was empty.

Dungeon Overview and Level Annotations

Branches:
Dungeon (3/15)

Altars:

Shops:
D:1 !

Annotations:
D:3 Grinder


Innate Abilities, Weirdness & Mutations

You are immune to sickness and miasma.
Your stone body is resilient. (AC +3)
You are immune to poison.
You resist negative energy. (rN+)
You are resistant to electric shocks. (rElec)
You are resistant to unholy torment.
You are immune to petrification.


Message History

Grinder gestures at you.
You suddenly lose the ability to move!
Grinder gestures at you. You resist with significant effort.
Grinder barely misses you. Grinder hits you but does no damage.
Grinder gestures at you. You resist with significant effort.
You can move again.
Unknown command.
Unknown command.
Unknown command.
You closely miss Grinder.
Grinder is lightly wounded.
Grinder hits you but does no damage.
You sock Grinder!
Grinder is heavily wounded.
Grinder hits you.
You writhe in agony.
You closely miss Grinder.
Grinder is heavily wounded.
Grinder hits you but does no damage. You block Grinder's attack.
You closely miss Grinder.
Grinder is heavily wounded.
Grinder gestures at you. Pain shoots through your body!
You hit Grinder.
Grinder is severely wounded.
Grinder hits you.
You feel less attractive to monsters.
You hit Grinder.
Grinder is severely wounded.
Grinder hits you!
* * * LOW HITPOINT WARNING * * *
You writhe in agony.
* * * LOW HITPOINT WARNING * * *
You aren't carrying any potions.
Okay, then.
You barely miss Grinder.
Grinder is severely wounded.
Grinder hits you!
You die...

### #.. ###.#
#.#.# #### #..##
....
#.###...###..#
#....##......#
#.######.#@5##.##
#.....<...##.# #
########### #..
#.# .# #


You could see Grinder.

Vanquished Creatures
  Terence (D:2)
  3 worms (D:2)
  A ball python (D:1)
  2 endoplasms (D:1)
  A giant cockroach (D:1)
  7 goblins
  2 hobgoblins (D:1)
  4 jackals (D:1)
  3 quokkas (D:1)
  3 bats
  3 frilled lizards (D:1)
  6 kobolds
  9 rats
45 creatures vanquished.

Notes
Turn   | Place    | Note
-------+----------+-------------------------------------------
     0 | D:1      | CoinPitGoblin the Gargoyle Fighter began the quest for the
                  | Orb.
     0 | D:1      | Reached XP level 1. HP: 14/14 MP: 1/1
   118 | D:1      | Reached XP level 2. HP: 12/19 MP: 2/2
   261 | D:1      | Reached XP level 3. HP: 11/23 MP: 3/3
   333 | D:1      | Found Fizoq's Distillery.
   734 | D:2      | Found a faded altar of an unknown god.
   838 | D:2      | Identified the +1 robe of Hagautry {Stlth+}
   944 | D:2      | Noticed Terence
   952 | D:2      | Killed Terence
   953 | D:2      | Reached XP level 4. HP: 23/28 MP: 4/4
  1421 | D:3      | Noticed Grinder
  1436 | D:3      | Paralysed by Grinder for 5 turns
  1447 | D:3      | Slain by Grinder

Illustrated notes

Levels and vault maps discovered:
D:1:      dpeg_arrival_erosion, layout_rooms, serial_shops, nicolae_shop_stone
D:2:      layout_loops_ring, ebering_ecumenical_altar_sacrificial, uniq_terence
D:3:      layout_loops_ring, mainiacjoe_overflow_brackets, uniq_grinder

Skill      XL: |  1  2  3 |
---------------+----------+-----
Maces & Flails | 3 |  3.1
Fighting       | |  3.6
Armour         | |  3.9
Dodging        | |  0.6
Shields        | |  3.8

Action                     |  1- 3 |  4- 6 || total
---------------------------+-------+-------++-------
  Melee: Flail             |   143 |    41 ||   184
    Use: Scroll            |     5 |       ||     5
         Potion            |     1 |     3 ||     4
 Armour: Scale mail        |    74 |    15 ||    89
         Chain mail        |       |     5 ||     5
  Dodge: Dodged            |    76 |     9 ||    85
  Block: Buckler           |    26 |     9 ||    35

Table legend: (Time is in decaauts)
 A = Elapsed time spent in this place.
 B = Non-inter-level travel time spent in this place.
 C = Inter-level travel time spent in this place.
 D = Time resting spent in this place.
 E = Time spent auto-exploring this place.
 F = Levels seen in this place.
 G = Mean time per level.
                   A        B        C        D        E       F      G
               +--------+--------+--------+--------+--------+-----+--------+
         Total |   1505 |   1396 |    109 |      0 |    961 |   3 |  501.7 |
       Dungeon |   1505 |   1396 |    109 |      0 |    961 |   3 |  501.7 |
               +--------+--------+--------+--------+--------+-----+--------+

Top non-repeatable levels by time:
     D:1: 757 daAuts
     D:2: 711 daAuts
     D:3: 37 daAuts
